[Event "Romanian-ch Youth Girls U16 2024"]
[Site "Eforie Nord"]
[Date "2024.04.19"]
[Round "9.1"]
[White "Maria, Lia-Alexandra"]
[Black "Stoenescu, Ioana-Teodora"]
[Result "1-0"]
[ECO "B22"]
[WhiteElo "1924"]
[BlackElo "1651"]
[Annotator "TA"]
[PlyCount "65"]
[EventDate "2024.04.10"]
[EventType "swiss"]
[EventCountry "ROU"]
[SourceTitle "playchess.com"]
[Source "ChessBase"]
[SourceQuality "1"]
[TimeControl "5400+30"]

1. e4 e6 2. d4 d5 3. Nd2 c5 4. exd5 Qxd5 5. Ngf3 Nf6 6. Bc4 Qd8 7. O-O cxd4 8. Nb3 Be7 9. Nbxd4 O-O 10. c3 a6 11. a4 (11. Bf4 $14) 11... Bd7 12. Qe2 Nc6 {[%emt 0:07:39] The position is equal.} 13. Bg5 Qc7 14. Bd3 h6 {[%emt 0:06:28] Hoping for ...Nxd4.} 15. Bh4 Nxd4 16. Nxd4 Bc6 17. Rfe1 (17. Nxc6 {simplifies} Qxc6 18. Bg3 Bd6 19. Bxd6 Qxd6 20. Qc2) 17... Rfe8 18. Bc2 {[%emt 0:01:27] next Qd3 is good for White.} Bd5 19. Qd3 {[%emt 0:04:12] Bxf6 is the strong threat.} Bc4 20. Qh3 (20. Qe3 {with more complications.} Bd5 21. b3 Ng4 22. Qh3) 20... Nh7 21. b3 Bxh4 22. Qxh4 Bd5 23. Re3 e5 (23... Rad8 $11 {remains equal.}) 24. Nf5 $40 {[%emt 0:01:28][%mdl 128] White mounts an attack.} (24. Rae1 $16) 24... Qd8 $2 {[%emt 0:04:07][%mdl 8192] [#] Loses the game.} (24... Be6 $1 $11 {and Black stays safe.}) 25. Nxh6+ $1 $18 Kf8 (25... gxh6 $2 26. Qxh6 Ng5 27. Rg3 $18) 26. Qb4+ (26. Qh3 $142 Ng5 27. Qh5) 26... Qe7 27. Qxe7+ ({Don't play} 27. Rxe5 $6 Qxb4 28. Rxe8+ Rxe8 $11) 27... Rxe7 28. Ng4 Nf6 29. Nxe5 ({Don't do} 29. Rxe5 $6 Bxb3 30. Rxe7 (30. Bxb3 Nxg4 31. Rxe7 Kxe7 $16) 30... Kxe7 31. Bxb3 Nxg4 32. Re1+ Kf8) 29... Rc8 30. Rae1 {[%emt 0:00:27][%cal Oe5g6] Black must now prevent Ng6+!} Rec7 (30... Be6 {keeps fighting.} 31. h3 Nd5) 31. c4 Be6 32. Bd3 Rb8 33. f4 {[%emt 0:07:29] Weighted Error Value: White=0.24 (precise) /Black=0.43.  Loses game:     	---       	Black=1      Mistake:       	White=3     	Black=2      Inaccurate:     	White=3     	Black=2      OK:         	White=6     	Black=7      Best:        	---       	Black=3      Brilliant:      	White=1     	---} 1-0

[Event "Romanian-ch Youth Girls U16 2024"]
[Site "Eforie Nord"]
[Date "2024.04.19"]
[Round "9.2"]
[White "Rusu, Anastasia"]
[Black "Stan, Oana-Bianca"]
[Result "1-0"]
[ECO "C53"]
[WhiteElo "1590"]
[BlackElo "1623"]
[Annotator "NA RC COMBH"]
[PlyCount "75"]
[EventDate "2024.04.10"]
[EventType "swiss"]
[EventCountry "ROU"]
[SourceTitle "playchess.com"]
[Source "ChessBase"]
[SourceQuality "1"]
[TimeControl "5400+30"]

1. e4 e5 2. Nf3 Nc6 3. Bc4 Bc5 4. c3 Qe7 5. O-O Nf6 6. d3 h6 7. a4 a5 8. h3 d6 9. Re1 O-O 10. Nbd2 Bb6 11. Nf1 Be6 12. Ba2 Qd7 13. Be3 Bxe3 14. Nxe3 Bxa2 15. Rxa2 Qe6 16. Ra1 Ne7 17. Nh4 Nh7 18. Nhf5 Nxf5 19. Nxf5 Qf6 20. Rf1 Ng5 21. f4 exf4 22. Rxf4 Ne6 23. Rf3 Qe5 24. Qe1 Ng5 25. Rg3 Qf6 26. h4 Ne6 27. Qe3 Kh7 28. Rf1 Qd8 29. e5 d5 30. d4 Qd7 31. Qd3 Kh8 32. Nxh6 g6 33. Ng4 Kg7 34. Nf6 Qxa4 35. h5 Rh8 36. hxg6 Kf8 37. gxf7 Ng7 38. Qg6 1-0